 Dungeon Sprint DCSS version 0.21.1-1-g345015f (webtiles) character file.

101 Fang the Skirmisher (level 4, -14/70 HPs)
             Began as a Minotaur Berserker on May 2, 2018.
             Was a Believer of Trog.
             Killed from afar by a deep elf mage (22 damage)
             ... with a bolt of magma
             ... in the Dungeon (Sprint V: "Ziggurat Sprint") on May 3, 2018.
             The game lasted 00:02:08 (173 turns).

Fang the Skirmisher (Minotaur Berserker)             Turns: 173, Time: 00:02:09

Health: -14/70     AC: 16    Str: 33    XL:     4   Next: 48%
Magic:  3/3        EV: 10    Int:  4    God:    Trog [**....]
Gold:   0          SH:  0    Dex: 10    Spells: 3/3 levels left

rFire    . . .     SeeInvis .   l - +5 demon trident
rCold    . . .     Gourm    .   (no shield)
rNeg     . . .     Faith    .   j - +5 shadow dragon scales
rPois    .         Spirit   .   (helmet restricted)
rElec    .         Reflect  .   (no cloak)
rCorr    .         Harm     .   (no gloves)
MR       .....     NoTele   +   (no boots)
Stlth    ..........             (no amulet)
HPRegen  0.21/turn              G - ring of flight
MPRegen  0.08/turn              F - +6 ring of strength

@: berserking, very quick
A: retaliatory headbutt, horns 2
a: Berserk, Trog's Hand, Burn Spellbooks, Renounce Religion, Evoke Flight


You were in the Dungeon.
You worshipped Trog.
Trog was pleased with you.
You were not hungry.

You visited 1 branch

Inventory:

Hand Weapons
 k - a +5 executioner's axe
 l - a +5 demon trident (weapon)
Armour
 j - +5 shadow dragon scales (worn)
Jewellery
 F - a +6 ring of strength (right hand)
 G - a ring of flight (left hand)
Wands
 x - a wand of disintegration (7)
 y - a wand of iceblast (7)
 z - a wand of acid (7)
Scrolls
 i - 4 scrolls of blinking
 m - 7 scrolls of fog
 n - a scroll of holy word
 o - 5 scrolls of identify
 p - 5 scrolls of remove curse
 q - 2 scrolls of fear
Potions
 d - 10 potions of curing
 e - 10 potions of heal wounds
 f - 6 potions of haste
 g - 7 potions of magic
 h - 3 potions of berserk rage
 r - 2 potions of brilliance
 s - 2 potions of invisibility
 t - 4 potions of resistance
 u - a potion of experience
 v - 5 potions of agility
 w - 5 potions of might
Miscellaneous
 a - a phial of floods
 b - a phial of floods
Comestibles
 c - 7 rations


   Skills:
 + Level 7.1 Fighting
 + Level 7.0(7.3) Axes
 + Level 3.4(5.6) Polearms
 + Level 4.2 Armour
 + Level 3.5 Dodging
 + Level 1.2 Stealth


You had 3 spell levels left.
You didn't know any spells.

Dungeon Overview and Level Annotations

Branches:
Dungeon (1/1)

Altars:
Ashenzari
Cheibriados
Dithmenos
Elyvilon
Fedhas
Gozag
Hepliaklqana
Kikubaaqudgha
Makhleb
Nemelex Xobeh
Okawaru
Qazlal
Ru
Sif Muna
Trog
Uskayaw
Vehumet
Wu Jian
Xom
Yredelemnul
Zin
The Shining One
Beogh
Jiyva
Lugonu

Annotations:
D 1 transporter


Innate Abilities, Weirdness & Mutations

You reflexively headbutt those who attack you in melee.
You have a pair of horns on your head.


Message History

You puncture the deep elf mage! Your headbutt misses the deep elf mage.
The deep elf mage is moderately wounded.
The scimitar of holy wrath hits you!
* * * LOW HITPOINT WARNING * * *
The deep elf mage hits you but does no damage.
You puncture the deep elf mage! Your headbutt misses the deep elf mage.
The deep elf mage is severely wounded.
The deep elf mage hits you but does no damage.
The scimitar of holy wrath hits you.
* * * LOW HITPOINT WARNING * * *
The battleaxe of chopping barely misses you.
Unknown command.
You barely miss the deep elf mage. Your headbutt misses the deep elf mage.
The deep elf mage is severely wounded.
The scimitar of holy wrath hits you.
* * * LOW HITPOINT WARNING * * *
The deep elf mage hits you but does no damage.
The deep elf mage gestures at you while chanting.
The bolt of magma hits you!
You die...

▓▓▓▓▓▓▓▓▓▓▓▓▓▓▓▓▓▓▓
▓.8©8.▓.8©8.▓.8©8.▓
▓.))[.▓..|).▓.....▓
▓..}..▓.....▓...}.▓
▓.....▓.....▓.....▓
▓.....▓..†..▓.....▓
▓.e((.▓.....▓..©..▓
▓..@e.▓..©..▓▓▓▓▓▓▓
▓▓▓▓▓▓▓▓▓▓▓▓▓


You could see 2 deep elf magi and 2 dancing weapons.

Vanquished Creatures
  A necrophage (D)
  A white imp (D)
  2 adder skeletons (D)
  A leopard gecko zombie (D)
5 creatures vanquished.

Notes
Turn   | Place    | Note
-------+----------+-------------------------------------------
     0 | D        | Found the +6 Majin-Bo {vamp, Archmagi MP+6 Int+6}
     0 | D        | Found the +7 great mace "Firestarter" {inner flame, rF++}
     0 | D        | Fang the Minotaur Berserker began the quest for the Orb.
     0 | D        | Reached XP level 1. HP: 19/19 MP: 0/0
     3 | D        | Found a blossoming altar of Fedhas.
     4 | D        | Found a viscous altar of Jiyva.
     4 | D        | Found a hazy altar of Hepliaklqana.
     4 | D        | Found a transporter.
     4 | D        | Found an opulent altar of Gozag.
     4 | D        | Found an ancient bone altar of Kikubaaqudgha.
     4 | D        | Found a corrupted altar of Lugonu.
    10 | D        | Found a burning altar of Makhleb.
    11 | D        | Found a stormy altar of Qazlal.
    11 | D        | Found a sacrificial altar of Ru.
    11 | D        | Found an iron altar of Okawaru.
    11 | D        | Found a deep blue altar of Sif Muna.
    11 | D        | Found a sparkling altar of Nemelex Xobeh.
    11 | D        | Found a bloodstained altar of Trog.
    81 | D        | Entered arena 2.
    81 | D        | Found a transporter.
    87 | D        | Reached XP level 2. HP: 25/28 MP: 1/1
   121 | D        | Entered arena 3.
   121 | D        | Noticed a necrophage
   121 | D        | Found a transporter.
   124 | D        | Reached ** piety under Trog
   127 | D        | Killed a necrophage
   127 | D        | Reached skill level 1 in Stealth
   127 | D        | Reached XP level 3. HP: 39/39 MP: 2/2
   127 | D        | Reached XP level 4. HP: 47/47 MP: 3/3
   164 | D        | Entered arena 4.
   164 | D        | Noticed a deep elf mage
   164 | D        | Noticed a scimitar of holy wrath
   164 | D        | Noticed a deep elf mage
   164 | D        | Noticed a battleaxe of chopping
   164 | D        | Found a transporter.
   173 | D        | Killed from afar by a deep elf mage

Skill      XL: |  1  2  3  4 |
---------------+-------------+-----
Fighting       | 4 7 |  7.1
Axes           | 4 6 7 |  7.0
Armour         | 3 4 |  4.2
Polearms       | 3 |  3.4
Dodging        | 3 |  3.5
Stealth        | 1 |  1.2

Action                   |  1- 3 |  4- 6 || total
-------------------------+-------+-------++-------
Melee: Demon trident     |     9 |     9 ||    18
Invok: Berserk           |     1 |     1 ||     2
 Stab: Sleeping          |     2 |       ||     2
Armor: Shadow dragon sca |     3 |     4 ||     7
Dodge: Dodged            |       |     2 ||     2
